 Dungeon Crawl Stone Soup version 0.27.1-2-g3b301248ec (webtiles) character file.

Game seed: 10397516538071160410

7772 Rickety the Destroyer (level 11, -3/81 HPs)
             Began as a Gnoll Conjurer on Oct 1, 2021.
             Was a Priest of Vehumet.
             Slain by a fire elemental (12 damage)
             ... summoned by a deep elf pyromancer
             ... on level 9 of the Dungeon.
             The game lasted 00:27:52 (11380 turns).

Rickety the Destroyer (Gnoll Conjurer)             Turns: 11380, Time: 00:27:53

Health: -3/81      AC:  5    Str:  6    XL:     11   Next: 20%
Magic:  4/22       EV: 14    Int: 28    God:    Vehumet [***...]
Gold:   157        SH:  5    Dex: 10    Spells: 10/25 levels left

rFire    . . .     SeeInvis .   k - +5 dagger (venom)
rCold    . . .     Faith    .   L - +0 buckler
rNeg     . . .     Spirit   .   a - +0 robe
rPois    .         Reflect  .   (no helmet)
rElec    .         Harm     .   G - scarf {shadows}
rCorr    .         Rampage  .   o - +0 pair of gloves
Will     .....                  c - +0 pair of boots
Stlth    +++.......             j - amulet of the acrobat
HPRegen  0.23/turn              n - +6 ring of intelligence
MPRegen  0.18/turn              (no ring)

@: no status effects
A: fangs 1, strong nose, distributed training
a: Renounce Religion


You were on level 9 of the Dungeon.
You worshipped Vehumet.
Vehumet was most pleased with you.
You visited 2 branches of the dungeon, and saw 10 of its levels.
You also visited: Sewer.

You collected 904 gold pieces.
You spent 747 gold pieces at shops.

Inventory:

Hand Weapons
 k - a +5 dagger of venom (weapon)
 D - a +0 dagger of holy wrath
 K - a +0 whip of electrocution
Missiles
 g - 3 curare-tipped darts
 s - 2 throwing nets
 z - 30 poisoned darts
Armour
 a - a +0 robe (worn)
 c - a +0 pair of boots (worn)
 o - a +0 pair of gloves (worn)
 p - a +2 cloak
 G - a scarf of shadows (worn)
 L - a +0 buckler (worn)
Magical Staves
 v - a staff of fire
 x - a staff of poison
Jewellery
 j - an amulet of the acrobat (around neck)
 n - a +6 ring of intelligence (left hand)
Wands
 H - a wand of iceblast (22)
 J - a wand of charming (8)
Scrolls
 b - 3 scrolls of fear
 e - 4 scrolls of teleportation
 f - 2 scrolls of vulnerability
 h - 2 scrolls of blinking
 l - a scroll of fog {unknown}
 q - 5 scrolls of amnesia
 r - a scroll of identify
 t - 4 scrolls of magic mapping
 u - 5 scrolls of noise
 w - a scroll of silence {unknown}
 y - a scroll of brand weapon {unknown}
 E - 6 scrolls of enchant weapon
 I - a scroll of holy word {unknown}
Potions
 d - a potion of heal wounds
 i - 12 potions of curing
 m - 2 potions of attraction
 A - 2 potions of resistance {unknown}
 B - 3 potions of haste
 C - a potion of invisibility {unknown}
 F - a potion of mutation
 M - 2 potions of berserk rage {unknown}


   Skills:
 + Level 6.0 Fighting
 + Level 6.0 Short Blades
 + Level 6.0 Long Blades
 + Level 6.0 Axes
 + Level 6.0 Maces & Flails
 + Level 6.0 Polearms
 + Level 6.0 Staves
 + Level 6.0 Slings
 + Level 6.0 Bows
 + Level 6.0 Crossbows
 + Level 6.0 Throwing
 + Level 6.0 Armour
 + Level 7.7 Dodging
 + Level 7.4 Stealth
 + Level 6.0 Shields
 + Level 6.0 Unarmed Combat
 + Level 7.9 Spellcasting
 + Level 8.8 Conjurations
 + Level 5.0 Hexes
 + Level 5.0 Summonings
 + Level 5.0 Necromancy
 + Level 5.0 Translocations
 + Level 5.0 Transmutations
 + Level 5.0 Fire Magic
 + Level 5.0 Ice Magic
 + Level 5.0 Air Magic
 + Level 5.0 Earth Magic
 + Level 5.0 Poison Magic
 + Level 6.6 Invocations
 + Level 6.0 Evocations


You had 10 spell levels left.
You knew the following spells:

 Your Spells              Type           Power      Damage    Failure   Level
a - Magic Dart            Conj           100%       1d8       1%          1
k - Iskenderun's Mystic   Conj/Tloc      50%        2d11      1%          4
n - Fulminant Prism       Conj/Hex       25%        3d14      1%          4
r - Searing Ray           Conj           100%       3d7       1%          2
x - Olgreb's Toxic Radia  Pois           39%        N/A       1%          4

Your spell library contained the following spells:

 Spells                   Type           Power      Damage    Failure   Level
 Airstrike                Air            19%        N/A       1%          4
 Freeze                   Ice            100%       1d11      1%          1
 Sting                    Tmut/Pois      100%       1d8       1%          1
 Poisonous Vapours        Pois/Air       78%        N/A       1%          2
 Dazzling Flash           Conj/Hex       100%       N/A       1%          3
 Frozen Ramparts          Ice            78%        1d9       1%          3
 Gell's Gravitas          Tloc           19%        N/A       1%          3
 Lesser Beckoning         Tloc           19%        N/A       1%          3
 Ozocubu's Armour         Ice            39%        N/A       1%          3
 Teleport Other           Tloc           39%        N/A       1%          3
 Hailstorm                Conj/Ice       50%        3d11      1%          4
 Alistair's Intoxication  Tmut/Pois      26%        N/A       17%         5
 Borgnjor's Vile Clutch   Necr/Erth      19%        N/A       17%         5
 Eringya's Noxious Bog    Tmut/Pois      19%        N/A       24%         6
 Ozocubu's Refrigeration  Ice            19%        4d8       75%         7


Dungeon Overview and Level Annotations

Branches:
Dungeon (9/15)             Temple (1/1) D:4           Sewer (visited)
   Lair: D:8-11         Orc: D:9-12

Altars:
Ashenzari
Cheibriados
Elyvilon
Fedhas
Gozag
Hepliaklqana
Kikubaaqudgha
Makhleb
Nemelex Xobeh
Okawaru
Qazlal
Ru
Sif Muna
Trog
Uskayaw
Vehumet
Wu Jian
Xom
Yredelemnul
Zin
The Shining One

Shops:
D:5 *   D:6 *!

Annotations:
D:3 2 runed translucent doors, Waffleater7's ghost, amateur HuWn
D:8 5 runed translucent doors, exclusion: orange crystal statue, CrypticCrinoid's ghost, novice MiBe


Innate Abilities, Weirdness & Mutations

You have very sharp teeth.
Your uncanny sense of smell can sniff out nearby items.
Your experience applies equally to all skills.


Message History

You kill the centaur warrior!
Vehumet accepts your kill.
You feel your power returning.
Your Hexes skill increases to level 5!
Your Summonings skill increases to level 5!
Your Necromancy skill increases to level 5!
Your Translocations skill increases to level 5!
Your Transmutations skill increases to level 5!
Your Fire Magic skill increases to level 5!
Your Ice Magic skill increases to level 5!
Your Air Magic skill increases to level 5!
Your Earth Magic skill increases to level 5!
Your Poison Magic skill increases to level 5!
Unknown command.
A deep elf pyromancer comes into view. It is wielding a +0 long sword.
The deep elf pyromancer casts a spell.
The deep elf pyromancer blinks!
Items here: ! ) / [ †.
Casting: Magic Dart (safe; 1% risk of failure)
Confirm with . or Enter, or press ? or * to list all spells.
You begin to radiate toxic energy.
The deep elf pyromancer is poisoned.
The deep elf pyromancer looks even sicker.
The deep elf pyromancer looks even sicker.
Your toxic aura wanes.
The deep elf pyromancer mumbles some strange words.
Items here: ! ) / [ †.
You block the fire elemental's attack.
The deep elf pyromancer gestures wildly while chanting.
The deep elf pyromancer blinks!
The deep elf pyromancer points at you and mumbles some strange words.
The bolt of fire hits the fire elemental.
The fire elemental completely resists.
The bolt of fire misses you. You block the fire elemental's attack.
The deep elf pyromancer casts a spell.
The deep elf pyromancer blinks!
There is a stone staircase leading up here.
The fire elemental hits you. The fire elemental burns you!
* * * LOW HITPOINT WARNING * * *
The fire elemental hits you. The fire elemental burns you!
You die...

#..# #..# ...... #.^#
...... ∆ #..# ......
#..# ......
..###..######......
.....$...@.........
#.#####.EE..[...... ∆
#○°..........
#.○..........
#)...........
##)..[........
#.............
#.............
#...................#


You could see 2 fire elementals.

Vanquished Creatures
  A centaur warrior (D:9)
  A two-headed ogre (D:6)
  Pikel (D:8)
  A manticore (D:6)
  A troll (D:6)
  Grinder (Sewer)
  Sigmund (D:2)
  Eustachio (D:6)
  3 yaks (D:9)
  A vampire mosquito (D:6)
  2 sky beasts (D:7)
  2 orc warriors
  3 black bears
  3 necrophages
  2 ogres
  3 centaurs
  A phantom (D:4)
  Blork the orc (D:6)
  2 kobold brigands
  3 bullfrogs
  A gnoll sergeant (D:8)
  3 scorpions
  A water moccasin zombie (D:5)
  A wyvern skeleton (D:7)
  A water moccasin skeleton (D:6)
  6 wights
  4 howler monkeys
  A bullfrog zombie (D:6)
  A centaur zombie (D:7)
  A quasit (D:8)
  2 gnoll shamans (D:8)
  A bullfrog skeleton (D:3)
  7 hounds
  7 orc priests
  Crazy Yiuf (D:2)
  A centaur skeleton (D:7)
  3 iguanas
  An orc wizard (D:7)
  A killer bee zombie (D:6)
  A hound skeleton (D:5)
  2 howler monkey zombies
  8 gnolls
  8 adders
  5 shadow imps
  2 white imps (D:6)
  3 ufetubi (Sewer)
  3 worms
  11 dart slugs
  16 orcs
  7 bats
  A bat zombie (Sewer)
  7 endoplasms
  3 giant cockroaches
  7 goblins
  7 hobgoblins
  11 jackals
  4 quokkas
  12 ball pythons
  2 frilled lizards
  2 goblin skeletons (D:8)
  A goblin zombie (D:8)
  5 hobgoblin zombies (D:8)
  20 kobolds
  A kobold skeleton (D:8)
  2 kobold zombies (D:8)
  An orc zombie (D:8)
  6 rats
236 creatures vanquished.

Vanquished Creatures (others)
  Erolcha (D:9)
  25 fulminant prisms
26 creatures vanquished.

Grand Total: 262 creatures vanquished

Notes
Turn   | Place    | Note
-------+----------+-------------------------------------------
     0 | D:1      | Rickety the Gnoll Conjurer began the quest for the Orb.
     0 | D:1      | Reached XP level 1. HP: 13/13 MP: 6/6
    80 | D:1      | Reached XP level 2. HP: 19/19 MP: 1/7
    83 | D:1      | Learned a level 2 spell: Searing Ray
   443 | D:1      | You fall into a shaft and drop 1 floor!
   454 | D:2      | Noticed Sigmund
   501 | D:2      | Reached skill level 5 in Spellcasting
   501 | D:2      | Reached XP level 3. HP: 25/25 MP: 2/9
   503 | D:2      | Reached skill level 1 in Fighting
   503 | D:2      | Reached skill level 1 in Short Blades
   503 | D:2      | Reached skill level 1 in Long Blades
   503 | D:2      | Reached skill level 1 in Axes
   503 | D:2      | Reached skill level 1 in Maces & Flails
   503 | D:2      | Reached skill level 1 in Polearms
   503 | D:2      | Reached skill level 1 in Staves
   503 | D:2      | Reached skill level 1 in Slings
   503 | D:2      | Reached skill level 1 in Bows
   503 | D:2      | Reached skill level 1 in Crossbows
   503 | D:2      | Reached skill level 1 in Throwing
   503 | D:2      | Reached skill level 1 in Armour
   503 | D:2      | Reached skill level 1 in Shields
   503 | D:2      | Reached skill level 1 in Unarmed Combat
   503 | D:2      | Reached skill level 1 in Invocations
   503 | D:2      | Reached skill level 1 in Evocations
   503 | D:2      | Reached XP level 4. HP: 32/32 MP: 0/11
  1497 | D:2      | Reached skill level 1 in Hexes
  1497 | D:2      | Reached skill level 1 in Summonings
  1497 | D:2      | Reached skill level 1 in Necromancy
  1497 | D:2      | Reached skill level 1 in Translocations
  1497 | D:2      | Reached skill level 1 in Transmutations
  1497 | D:2      | Reached skill level 1 in Fire Magic
  1497 | D:2      | Reached skill level 1 in Ice Magic
  1497 | D:2      | Reached skill level 1 in Air Magic
  1497 | D:2      | Reached skill level 1 in Earth Magic
  1497 | D:2      | Reached skill level 1 in Poison Magic
  1658 | D:2      | Found a faded altar of an unknown god.
  1675 | D:2      | Noticed a scorpion
  1680 | D:2      | Killed a scorpion
  1681 | D:2      | Reached XP level 5. HP: 37/37 MP: 0/12
  1887 | D:2      | Found a runed translucent door.
  1888 | D:2      | Noticed Crazy Yiuf
  1894 | D:2      | Killed Crazy Yiuf
  2049 | D:2      | Killed Sigmund
  2050 | D:2      | Reached skill level 5 in Dodging
  2050 | D:2      | Reached XP level 6. HP: 44/44 MP: 7/14
  2166 | D:3      | Found a runed translucent door.
  2435 | D:3      | Noticed Waffleater7's ghost (amateur HuWn)
  2474 | D:3      | Found a runed translucent door.
  3394 | D:4      | Found a white marble altar of Elyvilon.
  3435 | D:4      | Found a staircase to the Ecumenical Temple.
  3443 | Temple   | Entered the Ecumenical Temple
  3457 | Temple   | Became a worshipper of Vehumet
  3905 | D:4      | Found a snail-covered altar of Cheibriados.
  3952 | D:5      | Entered Level 5 of the Dungeon
  3974 | D:5      | Reached XP level 7. HP: 50/50 MP: 11/15
  4534 | D:5      | Reached skill level 5 in Stealth
  4621 | D:5      | Found an iron altar of Okawaru.
  4654 | D:5      | Reached XP level 8. HP: 56/57 MP: 8/16
  4866 | D:5      | Reached * piety under Vehumet
  4866 | D:5      | Offered knowledge of Shock by Vehumet.
  5128 | D:5      | Found Fiar's Assorted Antiques.
  5390 | D:6      | Found a glowing drain.
  5407 | Sewer    | Entered a sewer
  5730 | Sewer    | Found an ancient bone altar of Kikubaaqudgha.
  5734 | Sewer    | Offered knowledge of Static Discharge by Vehumet.
  5735 | Sewer    | Reached ** piety under Vehumet
  5762 | Sewer    | Noticed Grinder
  5793 | Sewer    | Killed Grinder
  5938 | Sewer    | Learned a level 4 spell: Fulminant Prism
  5943 | Sewer    | Learned a level 4 spell: Iskenderun's Mystic Blast
  6458 | D:6      | Reached XP level 9. HP: 65/65 MP: 10/18
  6700 | D:6      | Noticed Blork the orc
  6704 | D:6      | Killed Blork the orc
  6757 | D:6      | Noticed Eustachio
  6772 | D:6      | Killed Eustachio
  7001 | D:6      | Found Yluecsi's Distillery.
  7005 | D:6      | Bought a potion of curing for 39 gold pieces
  7005 | D:6      | Bought a potion of curing for 39 gold pieces
  7005 | D:6      | Bought a potion of haste for 130 gold pieces
  7005 | D:6      | Bought 2 potions of degeneration for 26 gold pieces
  7096 | D:6      | Found Waurph's CLEARANCE SALE! EVERYTHING MUST GO!.
  7101 | D:6      | Bought a potion of curing for 12 gold pieces
  7101 | D:6      | Bought a potion of mutation for 32 gold pieces
  7441 | D:7      | Found a stormy altar of Qazlal.
  7516 | D:6      | Reached skill level 8 in Conjurations
  7708 | D:6      | Noticed a manticore
  7715 | D:6      | Killed a manticore
  7716 | D:6      | Reached skill level 5 in Invocations
  7798 | D:6      | Noticed a troll
  7806 | D:6      | Killed a troll
  7935 | D:6      | Noticed a two-headed ogre
  7941 | D:6      | Killed a two-headed ogre
  7942 | D:6      | Reached skill level 5 in Fighting
  7942 | D:6      | Reached skill level 5 in Short Blades
  7942 | D:6      | Reached skill level 5 in Long Blades
  7942 | D:6      | Reached skill level 5 in Axes
  7942 | D:6      | Reached skill level 5 in Maces & Flails
  7942 | D:6      | Reached skill level 5 in Polearms
  7942 | D:6      | Reached skill level 5 in Staves
  7942 | D:6      | Reached skill level 5 in Slings
  7942 | D:6      | Reached skill level 5 in Bows
  7942 | D:6      | Reached skill level 5 in Crossbows
  7942 | D:6      | Reached skill level 5 in Throwing
  7942 | D:6      | Reached skill level 5 in Armour
  7942 | D:6      | Reached skill level 5 in Shields
  7942 | D:6      | Reached skill level 5 in Unarmed Combat
  7942 | D:6      | Reached skill level 5 in Evocations
  7942 | D:6      | Reached XP level 10. HP: 74/74 MP: 13/20
  7947 | D:6      | Learned a level 4 spell: Olgreb's Toxic Radiance
  8182 | D:5      | Bought a glowing scarf for 152 gold pieces
  8182 | D:5      | Bought an ominously black robe for 108 gold pieces
  8182 | D:5      | Identified the +3 robe "Hius Arch" {Drain Regen+ rCorr
                  | Int-5} (You bought it in a shop on level 5 of the Dungeon)
  8192 | D:5      | Bought a potion of curing for 57 gold pieces
  8192 | D:5      | Bought a potion of curing for 57 gold pieces
  8192 | D:5      | Bought a potion of heal wounds for 95 gold pieces
  8499 | D:7      | Offered knowledge of Inner Flame by Vehumet.
  9341 | D:8      | Reached *** piety under Vehumet
  9723 | D:8      | Found a glowing golden altar of the Shining One.
  9770 | D:8      | Found an ornate altar of the Wu Jian Council.
  9777 | D:8      | Noticed Pikel
  9782 | D:8      | Killed Pikel
  9865 | D:8      | Found a runed translucent gate.
  9865 | D:8      | Found a runed translucent gate.
  9865 | D:8      | Found a runed translucent gate.
  9868 | D:8      | Noticed CrypticCrinoid's ghost (novice MiBe)
 10010 | D:8      | Offered knowledge of Airstrike by Vehumet.
 10541 | D:8      | Found a runed translucent door.
 10550 | D:8      | Found the +10 tower shield of Ignorance {rN+ Int-4}
 10571 | D:8      | Found a runed translucent door.
 10573 | D:8      | Noticed an orange crystal statue
 11005 | D:9      | Noticed a six-headed hydra
 11341 | D:9      | Noticed Erolcha
 11346 | D:9      | Noticed a centaur warrior
 11361 | D:9      | Killed Erolcha
 11362 | D:9      | Reached XP level 11. HP: 20/81 MP: 1/22
 11367 | D:9      | Killed a centaur warrior
 11368 | D:9      | Reached skill level 5 in Hexes
 11368 | D:9      | Reached skill level 5 in Summonings
 11368 | D:9      | Reached skill level 5 in Necromancy
 11368 | D:9      | Reached skill level 5 in Translocations
 11368 | D:9      | Reached skill level 5 in Transmutations
 11368 | D:9      | Reached skill level 5 in Fire Magic
 11368 | D:9      | Reached skill level 5 in Ice Magic
 11368 | D:9      | Reached skill level 5 in Air Magic
 11368 | D:9      | Reached skill level 5 in Earth Magic
 11368 | D:9      | Reached skill level 5 in Poison Magic
 11368 | D:9      | Noticed a deep elf pyromancer
 11380 | D:9      | Slain by a fire elemental

Illustrated notes

Levels and vault maps discovered:
D:1:      heliophobic_arrival_ceremonial_halls, layout_rooms
D:2:      layout_loops_ring, hellmonk_ecumenical_altar_crossroads,
          minmay_fractal_squares_gapless_5, uniq_crazy_yiuf_cottage,
          uniq_sigmund
D:3:      layout_basic, ebering_ghost_sewer_f
D:4:      layout_rooms, mainiacjoe_overflow_small_starburst, chei_slow_surprise,
          temple_green, minmay_misc_feat_ornament
D:5:      kennysheep_slugbush, layout_loops_ring,
          mainiacjoe_overflow_tiny_flanked, serial_shops, shop
D:6:      minmay_klotski, layout_basic, serial_shops, shop,
          cheibrodos_sewer_entry_sluice, nicolae_shop_clearance,
          uniq_blork_the_orc, uniq_eustachio
D:7:      layout_loops_ring, grunt_qazlal_clouds
D:8:      layout_cave_pods, nicolae_tso_besieged_by_evil,
          nzn_wu_jian_council_hall, serial_gnoll_camp, gnoll_camp_mini_basic,
          gnoll_camp_mini_hut, gnoll_camp_mini_hut, gnoll_camp_mini_doghouse,
          ebering_ghost_rock_garden, chequers_guarded_unrand_ignorance,
          uniq_pikel
D:9:      minmay_blocky_corners, layout_long_grid, general_overflow_altar,
          kennysheep_orc_monster_closet_entryway, grunt_ministairs_3,
          uniq_erolcha
Temple:   regret_index_temple_waves

Skill      XL: |  1  2  3  4  5  6  7  8  9 10 11 |
---------------+----------------------------------+-----
Spellcasting   | 5 6 7 |  7.9
Fighting       | 1 2 3 5 6 |  6.0
Short Blades   | 1 2 3 5 6 |  6.0
Long Blades    | 1 2 3 5 6 |  6.0
Axes           | 1 2 3 5 6 |  6.0
Maces & Flails | 1 2 3 5 6 |  6.0
Polearms       | 1 2 3 5 6 |  6.0
Staves         | 1 2 3 5 6 |  6.0
Slings         | 1 2 3 5 6 |  6.0
Bows           | 1 2 3 5 6 |  6.0
Crossbows      | 1 2 3 5 6 |  6.0
Throwing       | 1 2 3 5 6 |  6.0
Armour         | 1 2 3 5 6 |  6.0
Shields        | 1 2 3 5 6 |  6.0
Unarmed Combat | 1 2 3 5 6 |  6.0
Invocations    | 1 2 3 4 5 6 |  6.6
Evocations     | 1 2 3 5 6 |  6.0
Hexes          | 1 2 3 4 5 |  5.0
Summonings     | 1 2 3 4 5 |  5.0
Necromancy     | 1 2 3 4 5 |  5.0
Translocations | 1 2 3 4 5 |  5.0
Transmutations | 1 2 3 4 5 |  5.0
Fire Magic     | 1 2 3 4 5 |  5.0
Ice Magic      | 1 2 3 4 5 |  5.0
Air Magic      | 1 2 3 4 5 |  5.0
Earth Magic    | 1 2 3 4 5 |  5.0
Poison Magic   | 1 2 3 4 5 |  5.0
Dodging        | 5 6 7 |  7.7
Stealth        | 5 6 7 |  7.4
Conjurations   | 8 |  8.8

Action                   |  1- 3 |  4- 6 |  7- 9 | 10-12 || total
-------------------------+-------+-------+-------+-------++-------
Melee: Unarmed           |       |     3 |       |       ||     3
       Dagger            |       |       |    23 |    14 ||    37
       Bite              |       |       |       |     1 ||     1
 Cast: Magic Dart        |    18 |    57 |   101 |    31 ||   207
       Searing Ray       |     4 |    20 |    54 |    32 ||   110
       Fulminant Prism   |       |       |     9 |    16 ||    25
       Iskenderun's Myst |       |       |     2 |     7 ||     9
       Olgreb's Toxic Ra |       |       |       |    12 ||    12
  Use: Scroll            |       |       |     8 |     2 ||    10
       Potion            |       |       |       |     3 ||     3
 Stab: Sleeping          |       |       |     1 |     3 ||     4
Armor: Robe              |       |     3 |    14 |     8 ||    25
Dodge: Dodged            |     1 |    15 |    55 |    44 ||   115
Block: Buckler           |       |       |       |     9 ||     9
